 Dungeon Crawl Stone Soup version 0.27.0-1-g7a089689b8 (webtiles) character file.

Game seed: 9364479509149408830

72 hawla the Grave Robber (level 4, -3/25 HPs)
             Began as a Deep Elf Necromancer on Aug 11, 2021.
             Slain by a gnoll (6 damage)
             ... on level 2 of the Dungeon.
             The game lasted 00:04:05 (2321 turns).

hawla the Grave Robber (Deep Elf Necromancer)       Turns: 2321, Time: 00:04:06

Health: -3/25      AC:  4    Str:  5    XL:     4   Next: 6%
Magic:  0/10       EV:  7    Int: 21    God:
Gold:   36         SH:  0    Dex: 15    Spells: 5/9 levels left

rFire    . . .     SeeInvis .   h - +0 dagger
rCold    . . .     Faith    .   (no shield)
rNeg     . . .     Spirit   .   a - +0 robe
rPois    .         Reflect  .   (no helmet)
rElec    .         Harm     .   i - +1 cloak
rCorr    .         Rampage  .   (no gloves)
Will     .....                  (no boots)
Stlth    ++........             (no amulet)
HPRegen  0.08/turn              (no ring)
MPRegen  0.12/turn              (no ring)

@: held
A: no striking features
a: no special abilities


You were on level 2 of the Dungeon.
You visited 1 branch of the dungeon, and saw 2 of its levels.

You collected 36 gold pieces.

Inventory:

Hand Weapons
 h - a +0 dagger (weapon)
Armour
 a - a +0 robe (worn)
 i - a +1 cloak (worn)
Jewellery
 g - a ring of wizardry
 j - an amulet of guardian spirit
Scrolls
 b - a scroll of fog
 d - 2 scrolls of identify
 e - 2 scrolls of teleportation {unknown}
 f - a scroll of amnesia {unknown}
Potions
 c - a potion of attraction


   Skills:
 + Level 1.0 Fighting
 - Level 3.0 Dodging
 - Level 3.0 Stealth
 + Level 3.0 Spellcasting
 + Level 6.0 Necromancy


You had 5 spell levels left.
You knew the following spells:

 Your Spells              Type           Power      Damage    Failure   Level
a - Pain                  Necr           100%       1d9       1%          1
b - Vampiric Draining     Necr           14%        2d8       3%          3

Your spell library contained the following spells:

 Spells                   Type           Power      Damage    Failure   Level
 Animate Skeleton         Necr           56%        N/A       1%          1
 Animate Dead             Necr           14%        N/A       11%         4
 Agony                    Necr           28%        N/A       30%         5


Dungeon Overview and Level Annotations

Branches:
Dungeon (2/15)

Altars:
Hepliaklqana


Message History

Press: ? - help, Shift-Dir - straight line, f - gnoll
Aim: a gnoll, wielding a +0 whip You draw life force from the gnoll.
You feel life coursing into your body.
A gnoll comes into view. It is wielding a +0 spear.
The gnoll hits you with a +0 whip.
Unknown command.
Casting: Vampiric Draining (quite dangerous; 3% risk of failure)
Confirm with . or Enter, or press ? or * to list all spells.
The spell is quite dangerous to cast (3% risk of failure)!
Continue anyway?
Aiming: Vampiric Draining (quite dangerous; 3% risk of failure)
Press: ? - help, Shift-Dir - straight line, f/p - gnoll
Aim: a gnoll, wielding a +0 whip (moderately wounded)
You draw life force from the gnoll!
You feel life coursing into your body. The gnoll hits you with a +0 whip.
Unknown command.
You struggle against the net.
The kobold hits you but does no damage. The gnoll closely misses you.
You struggle against the net.
The kobold hits you but does no damage. The gnoll hits you with a +0 whip.
As you read the scroll labelled LIEXASTAVUFI, it crumbles to dust.
The scroll dissolves into smoke.
It was a scroll of fog.
The kobold closely misses you.
The gnoll hits you from afar with a +0 spear.
The gnoll barely misses you.
As you read the scroll labelled MANAEM WIJYOCH, it crumbles to dust.
It is a scroll of identify.
c - a potion of attraction The kobold hits you but does no damage.
The gnoll hits you from afar with a +0 spear.
* * * LOW HITPOINT WARNING * * *
The gnoll hits you with a +0 whip.
* * * LOW HITPOINT WARNING * * *
Casting: Vampiric Draining (quite dangerous; 3% risk of failure)
Confirm with . or Enter, or press ? or * to list all spells.
Aiming: Pain (safe; 1% risk of failure)
Press: ? - help, Shift-Dir - straight line, f/p - gnoll
Aim: a gnoll, wielding a +0 whip (purple smoke, almost dead, chance to affect: 89%)
The gnoll barely resists.
The kobold hits you but does no damage.
The gnoll hits you from afar with a +0 spear.
You die...

#.#####..#### #.#
##...# #.#
###.#####.. #.#
##........ ..#
###......### ###
##..........#
#§§.#........
..######§§.#..######
?....rg@§§##.##
..#..§##K§#..# ..⌠..
#g§#..# .... ...# .#
... ⌠..?# .# #.
K...# # .#... ...


You could see 2 gnolls, a kobold and a rat.

Vanquished Creatures
  A gnoll (D:2)
  2 adders
  5 dart slugs
  2 endoplasms (D:1)
  A goblin (D:1)
  A hobgoblin (D:1)
  4 jackals (D:2)
  2 quokkas (D:1)
  4 ball pythons
  3 bats
  3 frilled lizards
  4 kobolds
  5 rats
37 creatures vanquished.

Vanquished Creatures (others)
  A rat (D:1)
1 creature vanquished.

Grand Total: 38 creatures vanquished

Notes
Turn   | Place    | Note
-------+----------+-------------------------------------------
     0 | D:1      | hawla the Deep Elf Necromancer began the quest for the Orb.
     0 | D:1      | Reached XP level 1. HP: 10/10 MP: 6/6
   317 | D:1      | Reached skill level 5 in Necromancy
   317 | D:1      | Reached XP level 2. HP: 11/15 MP: 4/8
  1080 | D:1      | Found a faded altar of an unknown god.
  1432 | D:1      | Reached XP level 3. HP: 7/20 MP: 2/9
  1436 | D:1      | Learned a level 3 spell: Vampiric Draining
  1649 | D:1      | Reached skill level 1 in Fighting
  1746 | D:2      | Found a hazy altar of Hepliaklqana.
  2315 | D:2      | Reached skill level 6 in Necromancy
  2315 | D:2      | Reached XP level 4. HP: 16/25 MP: 6/10
  2321 | D:2      | Slain by a gnoll

Illustrated notes

Levels and vault maps discovered:
D:1:      ncdulo_smallfort, layout_basic, chequers_ecumenical_altar_grove
D:2:      layout_rooms, basic_altar, grunt_ministairs_1,
          minmay_randomly_rotated_circles, uniq_crazy_yiuf_cottage

Skill      XL: |  1  2  3 |
---------------+----------+-----
Necromancy     | 5 6 |  6.0
Dodging        | 3 |  3.0
Stealth        | 3 |  3.0
Fighting       | 1 |  1.0
Spellcasting   | |  3.0

Action                   |  1- 3 |  4- 6 || total
-------------------------+-------+-------++-------
Melee: Dagger            |     2 |       ||     2
 Cast: Pain              |    69 |     1 ||    70
       Vampiric Draining |     2 |     2 ||     4
  Use: Scroll            |       |     2 ||     2
Armor: Robe              |    10 |     4 ||    14
Dodge: Dodged            |    30 |     3 ||    33
